 Dungeon Crawl Stone Soup version 0.29-a0-322-g68df515428 (webtiles) character file.

Game seed: 15554573030389279427

160957 quinnr the Cloud Mage (level 17, -1/97 HPs)
             Began as a Tengu Air Elementalist on Apr 9, 2022.
             Was a High Priest of Sif Muna.
             Slain by an eight-headed hydra (8 damage)
             ... on level 4 of the Swamp on Apr 10, 2022.
             The game lasted 02:17:43 (61763 turns).

quinnr the Cloud Mage (Tengu Air Elementalist)     Turns: 61763, Time: 02:17:44

Health: -1/97      AC: 16    Str:  9    XL:     17   Next: 77%
Magic:  27/43      EV: 22    Int: 22    God:    Sif Muna [*****.]
Gold:   1541       SH: 12    Dex: 16    Spells: 0/40 levels left

rFire   + . .      SeeInvis .   X - staff of conjuration
rCold   + . .      Faith    .   W - +2 buckler
rNeg    + . .      Spirit   .   O - +4 acid dragon scales
rPois   .          Reflect  +   I - +0 hat
rElec   .          Harm     .   S - scarf {rC+ rF+}
rCorr   +          Rampage  .   u - +5 pair of gloves of Cocytus {rN+}
Will    +....                   (boots unavailable)
Stlth   ++........              z - amulet of reflection
HPRegen 0.26/turn               U - ring of magical power
MPRegen 0.28/turn               Y - ring of wizardry

@: flying quickly and evasively, quick
A: beak, talons 3, nimble flight
a: Renounce Religion, Channel Magic, Forget Spell, Divine Exegesis


You were on level 4 of the Swamp.
You worshipped Sif Muna.
Sif Muna was extremely pleased with you.
You visited 4 branches of the dungeon, and saw 26 of its levels.
You also visited: Ice Cave and Volcano.

You collected 2771 gold pieces.
You spent 1230 gold pieces at shops.

Inventory:

Missiles
 g - 29 poisoned darts
 L - 5 throwing nets
Armour
 u - the +5 pair of gloves of Cocytus (worn) {rN+}
   (You bought it in a shop on level 2 of the Orcish Mines)

   rN:        It protects you from negative energy.
 I - a +0 hat (worn)
 J - a +2 robe of willpower
 O - +4 acid dragon scales (worn)
 P - a +2 robe of cold resistance
 S - a scarf of resistance (worn)
 W - a +2 buckler (worn)
Magical Staves
 X - a staff of conjuration (weapon)
Jewellery
 d - a +6 ring of intelligence
 m - a ring of ice
 r - an amulet of regeneration
 v - a ring of protection from cold
 z - an amulet of reflection (around neck)
 A - a ring of see invisible
 B - a ring of protection from cold
 F - a +6 ring of intelligence
 G - a ring of resist corrosion
 H - a ring of fire
 U - a ring of magical power (left hand)
 Y - a ring of wizardry (right hand)
Wands
 a - a wand of iceblast (13)
 C - a wand of polymorph (24)
 E - a wand of charming (6)
 Q - a wand of flame (90)
Scrolls
 c - 9 scrolls of teleportation
 h - 6 scrolls of blinking
 n - 4 scrolls of holy word
 o - 4 scrolls of vulnerability
 p - 9 scrolls of fear
 q - 9 scrolls of immolation
 s - 3 scrolls of amnesia
 t - 3 scrolls of magic mapping
 y - 6 scrolls of enchant weapon
 K - 6 scrolls of silence
 N - 3 scrolls of summoning
 R - 13 scrolls of identify
 V - 3 scrolls of fog
Potions
 b - 2 potions of magic
 e - 4 potions of lignification
 f - 10 potions of curing
 i - 3 potions of attraction
 j - 6 potions of might
 k - 2 potions of brilliance
 l - 3 potions of ambrosia
 w - 8 potions of haste
 x - a potion of berserk rage
 D - 5 potions of mutation
 M - 7 potions of cancellation
 Z - 2 potions of resistance
Miscellaneous
 T - a tin of tremorstones (2/2)


   Skills:
 - Level 8.0 Fighting
 + Level 14.8 Dodging
 - Level 4.0 Stealth
 - Level 4.0 Shields
 - Level 12.0 Spellcasting
 - Level 9.0 Conjurations
 - Level 5.0 Ice Magic
 + Level 26.9 Air Magic
 - Level 4.0 Poison Magic
 - Level 5.0 Invocations


You couldn't memorise any spells.
You knew the following spells:

 Your Spells              Type           Power      Damage    Failure   Level
a - Shock                 Conj/Air       100%       1d9       0%          1
b - Airstrike             Air            46%        N/A       0%          4
c - Static Discharge      Conj/Air       95%        N/A       0%          2
d - Poisonous Vapours     Pois/Air       100%       N/A       1%          2
e - Lightning Bolt        Conj/Air       47%        1d68      1%          5
f - Conjure Ball Lightni  Conj/Air       47%        3x3d16    1%          6
g - Maxwell's Capacitive  Air            46%        ∞         1%          8
h - Mephitic Cloud        Conj/Pois/Air  82%        N/A       1%          3
i - Freezing Cloud        Conj/Ice/Air   41%        6-21      1%          5
j - Summon Lightning Spi  Summ/Air       64%        N/A       1%          4

Your spell library contained the following spells:

 Spells                   Type           Power      Damage    Failure   Level
 Swiftness                Air            93%        N/A       0%          3
 Foxfire                  Conj/Fire      100%       2x1d9     1%          1
 Freeze                   Ice            100%       1d11      1%          1
 Corpse Rot               Necr/Air       100%       N/A       1%          2
 Conjure Flame            Conj/Fire      49%        6-21      1%          3
 Dazzling Flash           Conj/Hex       98%        N/A       1%          3
 Stone Arrow              Conj/Erth      98%        3d13      1%          3
 Silence                  Hex/Air        32%        N/A       1%          5
 Ensorcelled Hibernation  Hex/Ice        48%        N/A       2%          2
 Iskenderun's Battlesphe  Conj           68%        2d12      3%          5
 Animate Skeleton         Necr           26%        N/A       4%          1
 Pain                     Necr           52%        1d6       4%          1
 Sandblast                Erth           26%        2d8       4%          1
 Summon Small Mammal      Summ           52%        N/A       4%          1
 Passwall                 Tmut/Erth      10%        N/A       6%          2
 Flame Wave               Conj/Fire      49%        2d10      7%          4
 Fulminant Prism          Conj/Hex       24%        3d13      7%          4
 Sticky Flame             Conj/Fire      49%        2d7       7%          4
 Ignite Poison            Fire/Tmut/Pois 19%        N/A       8%          3
 Call Canine Familiar     Summ           13%        N/A       13%         3
 Gell's Gravitas          Tloc           13%        N/A       13%         3
 Lesser Beckoning         Tloc           13%        N/A       13%         3
 Portal Projectile        Hex/Tloc       26%        N/A       13%         3
 Summon Guardian Golem    Hex/Summ       13%        N/A       13%         3
 Teleport Other           Tloc           13%        N/A       13%         3
 Vampiric Draining        Necr           13%        2d6       13%         3
 Summon Ice Beast         Ice/Summ       24%        N/A       16%         4
 Storm Form               Tmut/Air       32%        N/A       16%         7
 Fireball                 Conj/Fire      24%        3d11      19%         5
 Irradiate                Conj/Tmut      24%        3d21      19%         5
 Anguish                  Hex/Necr       6%         N/A       38%         4
 Animate Dead             Necr           6%         N/A       38%         4
 Cause Fear               Hex            6%         N/A       38%         4
 Leda's Liquefaction      Hex/Erth       6%         N/A       38%         4
 Orb of Destruction       Conj           34%        9d10      63%         7
 Iron Shot                Conj/Erth      24%        9d5       67%         6
 Starburst                Conj/Fire      24%        6d8       67%         6
 Agony                    Necr           13%        N/A       71%         5
 Borgnjor's Vile Clutch   Necr/Erth      6%         N/A       71%         5
 Lee's Rapid Deconstruct  Erth           6%         3d7*      71%         5
 Chain Lightning          Conj/Air       47%        3d63      93%         9
 Death Channel            Necr           6%         N/A       99%         6
 Dispersal                Tloc           6%         N/A       99%         6
 Statue Form              Tmut/Erth      8%         N/A       99%         6
 Dragon Form              Tmut           6%         N/A       100%        7
 Ignition                 Fire           6%         3d4       100%        8
 Lehudib's Crystal Spear  Conj/Erth      24%        10d7      100%        8
 Dragon's Call            Summ           6%         N/A       100%        9


Dungeon Overview and Level Annotations

Branches:
Dungeon (14/15)            Temple (0/1) D:7            Lair (6/6) D:11
  Swamp (4/4) Lair:3        Snake (0/4) Lair:3        Slime (0/5) Lair:5
    Orc (2/2) D:10            Elf (0/3) Orc:2        Vaults (0/5) D:14
  IceCv (visited)         Volcano (visited)

Altars:
Fedhas
Gozag
Hepliaklqana
Kikubaaqudgha
Makhleb
Ru
Sif Muna
Uskayaw
Vehumet
The Shining One
Beogh
Jiyva

Shops:
D:4 !   D:9 ?   Orc:2 :([?

Annotations:
Swamp:2 3 runed translucent doors, Psyclone's ghost, adept OpIE


Innate Abilities, Weirdness & Mutations

You have a beak for a mouth.
You have claws for feet.
Your magical nature lets you fly swiftly and evasively.


Message History

Unknown command.
Casting: Static Discharge (safe; 0% risk of failure)
Confirm with . or Enter, or press ? or * to list all spells.
You feel a surge of power!
The eight-headed hydra is struck by an arc of lightning!!
The eight-headed hydra is severely wounded.
The swamp dragon is struck by an arc of lightning!
The swamp dragon is moderately wounded.
You are struck by an arc of lightning.
The swamp dragon is struck by an arc of lightning!
The swamp dragon is moderately wounded.
You are struck by an arc of lightning.
* * * LOW HITPOINT WARNING * * *
The lightning grounds out.
Something touches your lightning spire! Something freezes your lightning spire.
Your lightning spire resists.
The eight-headed hydra bites you!
* * * LOW HITPOINT WARNING * * *
You block the eight-headed hydra's attack.
The eight-headed hydra misses you. The eight-headed hydra bites you!
* * * LOW HITPOINT WARNING * * *
You block the eight-headed hydra's attack.
The eight-headed hydra bites you but does no damage.
The eight-headed hydra misses you.
The eight-headed hydra barely misses you.
The swamp dragon closely misses you.
The swamp dragon claws you but does no damage.
You block the swamp dragon's attack.
Unknown command.
Unknown command.
You escape the roots' grasp.
Something hits your lightning spire!!
Your lightning spire is destroyed!
Your lightning spire disappears in a puff of smoke!
You block the eight-headed hydra's attack.
The eight-headed hydra bites you!
* * * LOW HITPOINT WARNING * * *
The eight-headed hydra bites you but does no damage. x2
You block the eight-headed hydra's attack.
The eight-headed hydra bites you!
You die...

≈♣≈♣.≈.♣
≈.≈≈≈.♣♣
♣♣♣♣♣♣♣♣
......♣
♣♣≈.≈♣≈≈♣♣
≈≈.≈.♣♣
♣.§≈≈.≈≈≈♣
.:..≈♣ #####
♣.≈≈§.≈≈≈.
≈§.♣♣#
≈.###..≈##
♣.≈≈≈..≈≈≈
...♣♣
.≈..f§nD≈#
♣♣......≈.
....♣
..≈..≈#D.#
♣♣♣≈.♣.≈§≈≈
≈≈..♣
.f.#####@#
♣≈...♣≈§≈≈≈
..≈♣♣ ≈
##..≈..##
♣♣§≈≈.♣≈≈≈.
.≈≈♣♣
##....≈.≈♣
♣.§≈.♣≈.♣♣
...≈♣
##.≈###≈≈.≈#
♣≈<..♣♣♣♣♣
≈...♣ ##..##
###..#
♣♣♣♣..♣ ♣♣
.≈..♣###≈§##
..#
♣♣♣♣.≈≈.♣♣♣.
≈≈≈.≈..≈.≈#
.♣#
♣≈♣♣♣♣≈..♣..
§.§.≈≈≈≈≈≈#
.. ♣≈.♣
♣♣≈≈†..
.≈≈....≈≈♣#
.♣ ♣♣≈.♣
♣.≈≈..


You could see an eight-headed hydra, a swamp dragon and a bog body.

Vanquished Creatures
  A tentacled monstrosity (Swamp:1)
  Frances (Swamp:1)
  Gastronok (Lair:1)
  2 fenstrider witches
  An orc warlord (Orc:1)
  3 bunyips
  A red draconian (Volcano)
  7 eleionomae
  A dire elephant (Lair:3)
  Snorg (D:11)
  A white draconian (IceCv)
  A rakshasa (D:14)
  2 shambling mangroves
  Fannar (D:10)
  Erolcha (Orc:1)
  2 centaur warriors
  2 boulder beetles
  26 hydras
  4 catoblepae
  4 ghost crabs
  6 two-headed ogres
  9 alligators
  A tengu warrior (D:14)
  A deep troll shaman (Lair:6)
  3 death yaks (Lair:6)
  A death knight (D:13)
  Urug (D:10)
  A spriggan berserker (Swamp:4)
  Nergalle (D:12)
  A skeletal warrior (D:13)
  A fire crab (Lair:6)
  2 salamander mystics (Volcano)
  7 goliath frogs
  4 spriggan druids
  13 swamp dragons
  4 bog bodies
  4 orc knights
  A deep elf pyromancer (D:14)
  5 ugly things
  2 manticores (D:14)
  9 orc sorcerers
  7 cyclopes
  37 elephants
  2 ice statues (IceCv)
  4 will-o-the-wisps
  A black mamba (Lair:1)
  4 molten gargoyles (Volcano)
  8 gargoyles
  9 cane toads
  8 rime drakes
  2 unseen horrors
  9 komodo dragons
  2 freezing wraiths (D:13)
  3 tengu conjurers (D:14)
  5 trolls
  4 polar bears
  9 tyrant leeches
  30 blink frogs
  23 slime creatures
  7 dream sheep
  A blink frog (shapeshifter) (D:14)
  11 hornets
  A centaur simulacrum (D:13)
  The ghost of Aneyh the Spear-Bearer, an amateur TeMo of Hepliaklqana (D:5)
  13 spriggans
  3 shadows (D:10)
  2 wraiths
  A wyvern (Lair:2)
  37 yaks
  7 basilisks
  15 humans (D:14)
  3 steam dragons
  A redback (D:13)
  11 vampire mosquitoes
  7 wargs
  14 swamp worms
  16 water moccasins
  2 acid dragons (D:10)
  A sky beast (D:6)
  25 orc warriors
  3 boggarts (D:14)
  A black bear (D:3)
  7 swamp drakes (Swamp:4)
  23 wolves
  8 ogres
  5 phantoms
  8 centaurs
  2 kobold brigands
  16 bullfrogs
  2 necrophages
  5 scorpions
  A gnoll sergeant (D:9)
  2 two-headed ogre simulacra (D:13)
  5 wights (D:9)
  4 killer bees (D:9)
  A troll zombie (D:10)
  A lindwurm simulacrum (IceCv)
  2 howler monkeys
  12 electric eels
  2 hounds (D:6)
  3 jellies
  5 komodo dragon simulacra (IceCv)
  2 gnoll shamans
  13 orc priests
  Natasha (thrice) (D:4)
  5 iguanas
  43 orc wizards
  10 hell rats
  3 spriggan simulacra (D:13)
  A troll simulacrum (D:13)
  A wolf simulacrum (D:13)
  7 ogre zombies (D:10)
  3 acid dragon simulacra (IceCv)
  5 adders
  17 gnolls
  A naga simulacrum (D:13)
  4 white imps
  3 ufetubi
  12 steam dragon simulacra (IceCv)
  A worm (D:2)
  6 dart slugs
  89 orcs
  10 ball pythons
  5 endoplasms
  3 giant cockroaches
  5 goblins
  4 hobgoblins
  11 jackals
  6 quokkas
  2 bats
  4 frilled lizards
  2 goblin skeletons (D:10)
  3 goblin zombies (D:10)
  A hobgoblin skeleton (D:10)
  4 hobgoblin zombies (D:10)
  18 kobolds
  4 orc skeletons (D:10)
  11 orc zombies (D:10)
  9 rats
935 creatures vanquished.

Vanquished Creatures (collateral kills)
  A fenstrider witch (Swamp:3)
  A hydra (Swamp:3)
  2 swamp dragons (Swamp:4)
  A bog body (Swamp:4)
  2 ball lightnings (Lair:4)
7 creatures vanquished.

Vanquished Creatures (others)
  21 ball lightnings
  12 foxfires
  155 fungi
  160 plants
348 creatures vanquished.

Grand Total: 1290 creatures vanquished

Notes
Turn   | Place    | Note
-------+----------+-------------------------------------------
     0 | D:1      | quinnr the Tengu Air Elementalist began the quest for the
                  | Orb.
     0 | D:1      | Reached XP level 1. HP: 10/10 MP: 4/4
    96 | D:1      | Found a faded altar of an unknown god.
   387 | D:1      | Reached XP level 2. HP: 15/15 MP: 4/6
   719 | D:1      | Reached skill level 5 in Air Magic
   896 | D:1      | Reached XP level 3. HP: 15/19 MP: 2/7
  1847 | D:2      | Reached skill level 6 in Air Magic
  2163 | D:2      | Reached XP level 4. HP: 24/24 MP: 5/8
  2605 | D:3      | Found an ancient bone altar of Kikubaaqudgha.
  2608 | D:3      | Found a blossoming altar of Fedhas.
  2618 | D:3      | Reached skill level 7 in Air Magic
  2931 | D:3      | Gained mutation: Your magical nature lets you fly swiftly
                  | and evasively. [Tengu growth]
  2931 | D:3      | Reached XP level 5. HP: 28/28 MP: 6/9
  2960 | D:3      | Found an opulent altar of Gozag.
  3195 | D:3      | Noticed a black bear
  3212 | D:3      | Killed a black bear
  3213 | D:3      | Reached skill level 8 in Air Magic
  3507 | D:3      | Reached XP level 6. HP: 32/32 MP: 5/10
  3608 | D:4      | Reached skill level 9 in Air Magic
  3873 | D:3      | Reached XP level 7. HP: 19/36 MP: 6/11
  4129 | D:4      | Reached skill level 10 in Air Magic
  4217 | D:4      | Learned a level 4 spell: Airstrike
  4220 | D:4      | Learned a level 2 spell: Static Discharge
  4333 | D:4      | Noticed Natasha
  4338 | D:4      | Killed Natasha
  4610 | D:4      | Found Niadiuq's Distillery.
  4692 | D:4      | Noticed Natasha
  4696 | D:4      | Killed Natasha
  4747 | D:4      | Bought a potion of curing for 42 gold pieces
  4747 | D:4      | Bought 2 potions of degeneration for 28 gold pieces
  4747 | D:4      | Bought a potion of haste for 140 gold pieces
  4802 | D:4      | Found a hazy altar of Hepliaklqana.
  4946 | D:4      | Noticed Natasha
  4950 | D:4      | Killed Natasha
  5176 | D:5      | Entered Level 5 of the Dungeon
  5471 | D:5      | Reached XP level 8. HP: 40/41 MP: 5/12
  5541 | D:5      | Reached skill level 11 in Air Magic
  5621 | D:5      | Found a runed translucent door.
  5631 | D:5      | Noticed Aneyh's ghost (amateur TeMo)
  5663 | D:5      | Found a sacrificial altar of Ru.
  6485 | D:5      | Found a hide-covered altar of Uskayaw.
  6919 | D:5      | Killed Aneyh's ghost
  7167 | D:5      | Reached skill level 12 in Air Magic
  7381 | D:6      | Reached XP level 9. HP: 45/45 MP: 7/16
  7838 | D:6      | Found a burning altar of Makhleb.
  7838 | D:6      | Found a glowing golden altar of the Shining One.
  8381 | D:7      | Learned a level 2 spell: Poisonous Vapours
  8429 | D:7      | Reached skill level 5 in Dodging
  8429 | D:7      | Reached skill level 13 in Air Magic
  8679 | D:7      | You are sucked into a shaft and drop 1 floor!
  9089 | D:7      | Found a shimmering blue altar of Sif Muna.
  9115 | D:7      | Noticed a gargoyle
  9120 | D:7      | Killed a gargoyle
  9121 | D:7      | Reached skill level 14 in Air Magic
  9278 | D:7      | Became a worshipper of Sif Muna the Loreminder
  9841 | D:7      | Found a staircase to the Ecumenical Temple.
 10527 | D:7      | Reached skill level 15 in Air Magic
 10527 | D:7      | Reached XP level 10. HP: 21/50 MP: 10/17
 11165 | D:8      | Reached * piety under Sif Muna
 11176 | D:8      | Learned a level 5 spell: Lightning Bolt
 11667 | D:8      | Reached skill level 16 in Air Magic
 12533 | D:9      | Found Xunniklu's Magic Scroll Shop.
 12626 | D:9      | Bought a scroll of identify for 32 gold pieces
 12626 | D:9      | Bought a scroll of identify for 32 gold pieces
 12626 | D:9      | Bought a scroll of identify for 32 gold pieces
 12626 | D:9      | Bought a scroll of identify for 32 gold pieces
 12985 | D:9      | Reached skill level 17 in Air Magic
 13363 | D:9      | Reached skill level 5 in Spellcasting
 14465 | D:10     | Entered Level 10 of the Dungeon
 14589 | D:10     | Killed an unseen horror
 14589 | D:10     | Reached ** piety under Sif Muna
 14590 | D:10     | Reached XP level 11. HP: 54/54 MP: 4/20
 15416 | D:10     | Found a staircase to the Orcish Mines.
 16375 | D:10     | Reached *** piety under Sif Muna
 16817 | D:10     | Noticed Urug
 16878 | D:10     | Noticed Fannar
 17850 | D:10     | Killed Fannar
 17854 | D:10     | Killed Urug
 18093 | D:10     | Found a staircase to the Orcish Mines.
 18363 | D:11     | Noticed a two-headed ogre
 18364 | D:11     | Noticed a purple ugly thing
 18372 | D:10     | Killed a two-headed ogre
 18373 | D:10     | Reached skill level 10 in Dodging
 18492 | D:11     | Noticed a cyclops
 18663 | D:10     | Killed a purple ugly thing
 18778 | D:11     | Killed a cyclops
 18982 | D:11     | Noticed a six-headed hydra
 18998 | D:11     | Killed a six-headed hydra
 19064 | D:11     | Found a staircase to the Lair.
 19214 | D:11     | Noticed an eight-headed hydra
 19221 | D:11     | Reached skill level 5 in Conjurations
 19436 | D:11     | Killed an eight-headed hydra
 19437 | D:11     | Reached XP level 12. HP: 31/59 MP: 0/24
 19639 | D:11     | Noticed Snorg
 19666 | D:11     | HP: 3/59 [Snorg (3)]
 19913 | D:11     | Noticed an eight-headed hydra
 19920 | D:11     | Killed an eight-headed hydra
 20706 | D:11     | Killed Snorg
 20803 | D:11     | Found a staircase to the Lair.
 20850 | Lair:1   | Entered Level 1 of the Lair of Beasts
 21811 | Lair:1   | Noticed Gastronok
 22118 | Lair:1   | Killed Gastronok
 23090 | Lair:2   | Noticed a five-headed hydra
 23118 | Lair:1   | Killed a five-headed hydra
 23119 | Lair:1   | Reached skill level 1 in Fighting
 23119 | Lair:1   | Reached skill level 1 in Poison Magic
 23254 | Lair:2   | Learned a level 6 spell: Conjure Ball Lightning
 24204 | Lair:1   | HP: 6/64 [poisoned by a black mamba]
 24209 | Lair:1   | HP: 5/64 [poisoned by a black mamba]
 24431 | Lair:2   | Noticed a catoblepas
 24436 | Lair:2   | Killed a catoblepas
 24450 | Lair:2   | Reached skill level 18 in Air Magic
 24464 | Lair:1   | Reached XP level 13. HP: 69/69 MP: 0/26
 25906 | Lair:2   | Reached skill level 5 in Fighting
 26500 | Lair:3   | Reached **** piety under Sif Muna
 26632 | Lair:3   | Reached skill level 19 in Air Magic
 26923 | Lair:3   | Found a staircase to the Swamp.
 27351 | Lair:3   | Noticed a dire elephant
 27367 | Lair:3   | Killed a dire elephant
 27782 | Lair:2   | Reached skill level 1 in Shields
 28670 | Lair:3   | Found a staircase to the Snake Pit.
 28895 | Lair:3   | Reached skill level 20 in Air Magic
 29986 | Lair:4   | Reached XP level 14. HP: 65/79 MP: 13/27
 30277 | Lair:4   | Reached skill level 1 in Invocations
 30378 | Lair:4   | Identified the +2 long sword of Misymaci {flame, *Slow Fly
                  | rElec rPois}
 30432 | Lair:4   | Reached ***** piety under Sif Muna
 30577 | Lair:4   | Received a gift from Sif Muna
 31190 | Lair:5   | Found a dark tunnel.
 31213 | Volcano  | Entered a volcano
 31418 | Volcano  | Learned a level 8 spell: Maxwell's Capacitive Coupling
 32341 | Volcano  | Noticed a red draconian
 32436 | Volcano  | Killed a red draconian
 32945 | Volcano  | Noticed an orb of fire
 32987 | Volcano  | Noticed an orb of fire
 33720 | Lair:5   | Identified the +1 robe of the Snake Pit {-Cast rCorr Str+4}
 33810 | Lair:5   | Found a staircase to the Slime Pits.
 33811 | Lair:5   | Found a viscous altar of Jiyva.
 34044 | Lair:5   | Learned a level 3 spell: Mephitic Cloud
 34536 | Lair:6   | Entered Level 6 of the Lair of Beasts
 35639 | Lair:5   | Reached skill level 21 in Air Magic
 36470 | Lair:6   | Received a gift from Sif Muna
 36481 | Lair:6   | Got Sif Muna's Almanac of Freezing Combat Magic {god gift}
 37466 | Lair:6   | Reached skill level 5 in Invocations
 37520 | Lair:6   | Reached skill level 10 in Spellcasting
 37577 | Lair:6   | Reached XP level 15. HP: 88/88 MP: 22/30
 39293 | D:12     | Noticed Nergalle
 39298 | D:12     | Killed Nergalle
 39466 | D:12     | Reached skill level 22 in Air Magic
 40759 | D:13     | Found a frozen archway.
 40917 | IceCv    | Entered an ice cave
 41705 | IceCv    | Received a gift from Sif Muna
 41739 | IceCv    | Got Sif Muna's Reference Book on Twisted Ice {god gift}
 44824 | D:14     | Reached skill level 23 in Air Magic
 45216 | D:14     | HP: 8/88 [orc knight/+1 vorpal great mace (2)]
 45626 | D:14     | Received a gift from Sif Muna
 45627 | D:14     | Got Sif Muna's Guide on Air and the Entourage {god gift}
 45634 | D:14     | Learned a level 5 spell: Freezing Cloud
 45722 | D:14     | Found a gate to the Vaults.
 45737 | D:14     | Reached XP level 16. HP: 88/93 MP: 32/33
 46506 | Orc:1    | Entered Level 1 of the Orcish Mines
 46694 | Orc:1    | Noticed Erolcha
 46773 | Orc:1    | Killed Erolcha
 47702 | Orc:1    | Reached skill level 24 in Air Magic
 48209 | Orc:2    | Entered Level 2 of the Orcish Mines
 48715 | Orc:2    | Found a staircase to the Elven Halls.
 48859 | Orc:2    | Paralysed by an orc sorcerer for 6 turns
 49929 | Orc:2    | Found Utythrenn's Magic Scroll Emporium.
 49929 | Orc:2    | Found Lacsuir's Armour Boutique.
 49968 | Orc:2    | Found Liuf's Book Boutique.
 49968 | Orc:2    | Found Eliw Rack's Antique Weapon Emporium.
 50014 | Orc:2    | Bought the +5 pair of gloves of Cocytus {rN+} for 569 gold
                  | pieces
 50037 | Orc:2    | Bought 3 scrolls of teleportation for 99 gold pieces
 50037 | Orc:2    | Bought a scroll of blinking for 82 gold pieces
 50037 | Orc:2    | Bought a scroll of fog for 22 gold pieces
 50037 | Orc:2    | Bought a scroll of enchant armour for 82 gold pieces
 50037 | Orc:2    | Bought a scroll of magic mapping for 38 gold pieces
 50154 | Swamp:1  | Entered Level 1 of the Swamp
 50500 | Swamp:1  | Noticed a tentacled monstrosity
 50956 | Swamp:1  | Received a gift from Sif Muna
 50957 | Swamp:1  | Got Sif Muna's Collected Works on Bewitchment and Combat
                  | Magic {god gift}
 51041 | Swamp:1  | Identified the +4 dagger "Fithoes" {venom, Str+4 Int-2}
 51386 | Swamp:1  | Killed a tentacled monstrosity
 51387 | Swamp:1  | Reached skill level 25 in Air Magic
 52105 | Swamp:1  | Found a radiant altar of Vehumet.
 52389 | Swamp:1  | Noticed Frances
 52393 | Swamp:1  | Killed Frances
 52394 | Swamp:1  | Reached skill level 1 in Ice Magic
 54006 | Swamp:2  | Noticed a fenstrider witch
 54072 | Swamp:2  | Killed a fenstrider witch
 54252 | Swamp:2  | Found a runed translucent gate.
 54253 | Swamp:2  | Found a runed translucent gate.
 54257 | Swamp:2  | Found a runed translucent gate.
 54257 | Swamp:2  | Noticed Psyclone's ghost (adept OpIE)
 54911 | Swamp:2  | Identified the +1 cloak of the Crypt {-Tele rC+ Will+}
 55439 | Swamp:3  | Reached XP level 17. HP: 41/97 MP: 24/34
 56011 | Swamp:3  | Learned a level 4 spell: Summon Lightning Spire
 56130 | Swamp:3  | Reached skill level 26 in Air Magic
 56782 | Swamp:3  | Identified the +0 cloak of Gravitas {Contam Harm rN+++
                  | Dex+4}
 56829 | Swamp:4  | Entered Level 4 of the Swamp
 57083 | Swamp:4  | Reached skill level 5 in Ice Magic
 57207 | Swamp:4  | Paralysed by an orc sorcerer for 7 turns
 57506 | Swamp:4  | Received a gift from Sif Muna
 57521 | Swamp:4  | Got Dadysic's Compendium of Burning Beguiling {god gift}
 61763 | Swamp:4  | HP: 7/97 [eight-headed hydra (7)]
 61763 | Swamp:4  | Slain by an eight-headed hydra

Illustrated notes

Levels and vault maps discovered:
D:1:      mrwooster_arrival_statue_3, layout_loops_corners,
          hellmonk_ecumenical_altar_run_dry
D:2:      layout_basic, kennysheep_generic_room_14
D:3:      layout_basic, grunt_temple_overflow_growth_and_decay,
          mainiacjoe_overflow_alcove_4, minmay_misc_feat_more_columns,
          hangedman_glass_teeth, serial_bayou_pond_e
D:4:      layout_loops_ring, nicolae_hepliaklqana_hippocampus, serial_shops,
          shop, uniq_natasha
D:5:      layout_gridville, lemuel_round_altar,
          nicolae_ru_great_annihilating_truth, ebering_ghost_sewer_d
D:6:      layout_rooms, gammafunk_temple_overflow_statue, nrook_mini_backslash,
          chequers_garden
D:7:      layout_gridville, mainiacjoe_overflow_chevrons,
          minmay_temple_entry_antechambers
D:8:      layout_layer_cave, nicolae_wwwww, minmay_fractal_squares_gapless_5
D:9:      layout_gridville, serial_shops, nicolae_stop_n_shop_1
D:10:     layout_stronghold, zombieorc2_lemuel, uniq_fannar, uniq_urug
D:11:     layout_basic, lair_entry_dummy, uniq_snorg
D:12:     layout_rooms, special_room [special_room_orc], drop_trap,
          minmay_misc_feat_roman, nicolae_straight_to_the_point, uniq_nergalle
D:13:     minmay_curly_fans, layout_rooms, portal_ice_cave_entry_ice_simulacra
D:14:     layout_grid_maze, david_vaults_3
Lair:1:   layout_hall_layers, minmay_stone_trees_medium,
          grunt_forest_small_clearings, uniq_gastronok
Lair:2:   layout_loops_ring, st_stairs_12, minmay_shattered_shrine,
          infiniplex_staircase_pool_2
Lair:3:   mu_elephants_graveyard, layout_layer_cave, minmay_swamp_entry_eels
Lair:4:   layout_roguey
Lair:5:   layout_loops_ring, slime_altar_1, nicolae_volcano_entry_two_sided,
          chequers_serial_rivers_room_b
Lair:6:   grunt_lair_end_beastmaster, layout_loops_ring, grunt_megastairs_5
Swamp:1:  layout_basic_swamp, nicolae_swamp_feature_on_the_river_bank,
          nicolae_swamp_very_dense_foliage, uniq_frances
Swamp:2:  layout_basic_swamp, gammafunk_ghost_necromancy, hangedman_swamp_blocks
Swamp:3:  layout_basic_swamp, evilmike_swamp_ruin_house_2, swamp_pool5
Swamp:4:  swamp_basic_johnstein, layout_basic_swamp, swamp_pool4,
          nicolae_swamp_rocky_clearing, grunt_hermit_hut
Orc:1:    layout_caves, uniq_erolcha
Orc:2:    st_orc_town, layout_caves, mines1_david

Skill      XL: |  1  2  3  4  5  6  7  8  9 10 11 12 13 14 15 16 17 |
---------------+----------------------------------------------------+-----
Air Magic      | 5 6 7 8 9 10 12 15 17 18 20 21 23 25 26 | 26.9
Dodging        | 3 6 10 12 14 | 14.8
Conjurations   | 3 4 5 9 |  9.0
Stealth        | 3 4 |  4.0
Spellcasting   | 4 5 7 8 10 12 | 12.0
Fighting       | 3 5 8 |  8.0
Poison Magic   | 3 4 |  4.0
Shields        | 4 |  4.0
Invocations    | 5 |  5.0
Ice Magic      | 3 5 |  5.0

Action                   |  1- 3 |  4- 6 |  7- 9 | 10-12 | 13-15 | 16-18 || total
-------------------------+-------+-------+-------+-------+-------+-------++-------
Melee: Unarmed           |     6 |     5 |       |       |       |       ||    11
       Kick              |     3 |     2 |       |     8 |    27 |     8 ||    48
       Peck              |     1 |       |       |     4 |    22 |     6 ||    33
       Punch             |       |     1 |       |       |       |       ||     1
       Hand axe          |       |       |     1 |    22 |    17 |       ||    40
       Staff             |       |       |       |       |    52 |    17 ||    69
Throw: Dart              |       |       |       |    10 |       |       ||    10
 Cast: Shock             |    77 |    87 |   196 |   375 |   470 |   328 ||  1533
       Airstrike         |       |       |    41 |   114 |   232 |   198 ||   585
       Static Discharge  |       |       |     5 |    18 |    73 |   165 ||   261
       Lightning Bolt    |       |       |       |    76 |   154 |    56 ||   286
       Poisonous Vapours |       |       |       |     5 |    19 |    22 ||    46
       Conjure Ball Ligh |       |       |       |       |     9 |     1 ||    10
       Maxwell's Capacit |       |       |       |       |    49 |    36 ||    85
       Mephitic Cloud    |       |       |       |       |     8 |     1 ||     9
       Freezing Cloud    |       |       |       |       |     1 |    23 ||    24
       Summon Lightning  |       |       |       |       |       |    11 ||    11
Evoke: Wand              |       |       |       |    12 |     2 |       ||    14
       Tin of tremorston |       |       |       |       |       |     1 ||     1
  Use: Scroll            |       |       |    16 |    12 |     5 |     4 ||    37
       Potion            |       |       |     1 |     3 |       |     1 ||     5
 Stab: Distracted        |       |       |       |       |       |     1 ||     1
Armor: Robe              |     1 |     4 |    11 |     3 |       |       ||    19
       Troll leather arm |       |       |       |     3 |       |       ||     3
       Acid dragon scale |       |       |       |    25 |    68 |   129 ||   222
Dodge: Dodged            |     8 |    13 |    57 |   229 |   315 |   262 ||   884
Block: Buckler           |       |       |       |       |   162 |   201 ||   363
       Reflection        |       |       |       |       |     9 |     6 ||    15

Table legend: (Time is in decaauts)
 A = Elapsed time spent in this place.
 B = Non-inter-level travel time spent in this place.
 C = Inter-level travel time spent in this place.
 D = Time resting spent in this place.
 E = Time spent auto-exploring this place.
 F = Levels seen in this place.
 G = Mean time per level.
                   A        B        C        D        E       F      G
               +--------+--------+--------+--------+--------+-----+--------+
         Total |  59767 |  57445 |   2322 |  20424 |  28444 |  28 | 2134.5 |
       Dungeon |  28157 |  26906 |   1251 |   7840 |  15160 |  14 | 2011.2 |
          Lair |  14864 |  14234 |    630 |   5683 |   6549 |   6 | 2477.3 |
         Swamp |  10749 |  10414 |    335 |   5207 |   3944 |   4 | 2687.2 |
  Orcish Mines |   2751 |   2647 |    104 |    524 |   1519 |   2 | 1375.5 |
      Ice Cave |   1434 |   1434 |      0 |    420 |    674 |   1 | 1434.0 |
       Volcano |   1809 |   1809 |      0 |    748 |    595 |   1 | 1809.0 |
               +--------+--------+--------+--------+--------+-----+--------+

Top non-repeatable levels by time:
    D:10: 4425 daAuts
    D:11: 3839 daAuts
  Lair:2: 3433 daAuts
 Swamp:3: 3234 daAuts
 Swamp:1: 3038 daAuts
  Lair:3: 2926 daAuts
     D:9: 2761 daAuts
  Lair:1: 2623 daAuts
  Lair:5: 2525 daAuts
 Swamp:4: 2433 daAuts
    D:14: 2396 daAuts
 Swamp:2: 2042 daAuts
  Lair:6: 2031 daAuts
     D:8: 1872 daAuts
     D:5: 1822 daAuts
